AoeStats
← MattAtArms

Arabia

504803073Analyzed
1v1 RM · 2mo ago on Sep 6, 2026· 31m 18s· 2 players
Game mode
Random Map
Map size
Tiny (2 player)
Population
200
Speed
Normal
Resources
Standard
Victory
Conquest
Starting age
Dark Age
Ending age
Imperial Age
RankedLock teamsTeams togetherTeam positionsShared explorationLock speedFull tech treeHidden civsTurbo modeCheats
Victory
Defeat
🇬🇧 Japanese · United Kingdom
1942
+15
vs
🇨🇳 Khmer · China
1930
-15
别再打我了
6:18 Loom
8:27 Feudal Age
9:23 Double-Bit Axe
11:45 Town Watch
22:54 Castle Age
21:22 Fletching
21:32 Horse Collar
22:43 Bloodlines
22:27 Gold Mining
24:25 Bow Saw
24:53 Scale Barding Armor
31:24 Ballistics
MattAtArms
5:52 Loom
9:20 Feudal Age
9:23 Man-at-Arms
9:49 Double-Bit Axe
12:55 Fletching
21:16 Castle Age
19:33 Gold Mining
20:06 Padded Archer Armor
20:45 Gold Mining
21:22 Crossbowman
21:57 Bodkin Arrow
22:16 Bow Saw
23:54 Wheelbarrow
23:04 Town Watch
24:34 Ballistics
24:28 Horse Collar
28:28 Thumb Ring
Connection lost

Rejoining the realm…

Still unreachable

The connection could not be restored.

Session expired

The server has moved on; the page needs a fresh start.